Map: Frozen Temple

Players

Rote

  • Race: Terran Terran
  • League: Master

LeMorse - Winner!

  • Race: Protoss Protoss
  • League: Master

VOD

Have the link to the VOD?

Description

Time

  • Played on: June 27, 2016, 9:34 a.m.
  • Length: 11:24
Show
View Real Time Build Order
Export as new Build Order

Rote Terran 

Build Orders: Reaper Expand, MMM Bio 

Get SALT Encoding   

  12  0:03  SCV  
  13  0:15  SCV  
  13  0:19  Supply Depot  
  14  0:28  SCV  
  15  0:41  SCV  
  15  0:42  Barracks  
  16  0:46  Refinery  
  16  0:53  SCV  
  17  1:05  SCV  
  18  1:17  SCV  
  19  1:30  Orbital Command  
  19  1:31  Reaper  
  20  1:40  Supply Depot  
  20  1:57  Command Center  
  20  2:00  SCV  
  21  2:12  Barracks Reactor, SCV  
  22  2:20  Barracks  
  22  2:39  SCV  
  22  2:44  Factory  
  22  2:45  Refinery  
  22  2:48  Marine x2  
  24  2:51  SCV  
  25  3:04  SCV  
  26  3:06  Barracks Tech Lab, Marine x2  
  26  3:10  Orbital Command  
  28  3:14  Bunker  
  28  3:16  SCV  
  29  3:26  Marine x2  
  30  3:27  Stimpack  
  30  3:28  Widow Mine, SCV  
  33  3:37  SCV  
  33  3:41  SCV  
  35  3:45  Marine x2  
  37  3:49  SCV, Starport  
  38  3:56  Marine, Supply Depot  
  39  4:03  Marine x2  
  39  4:04  SCV x2  
  43  4:16  SCV x2, Engineering Bay  
  45  4:26  Medivac  
  45  4:27  Marauder, Marine  
  45  4:28  SCV x2  
  52  4:34  Supply Depot  
  52  4:37  Widow Mine  
  54  4:42  Supply Depot  
  54  4:46  Liberator  
  54  4:55  SCV x2, Marine x2  
  54  4:56  Marauder  
  63  5:07  SCV x2  
  65  5:15  Supply Depot  
  65  5:19  SCV x2, Marine  
  65  5:21  Marauder  
  70  5:23  Command Center  
  70  5:36  SCV x2  
  70  5:46  Medivac  
  70  5:48  SCV x2  
  70  5:49  Factory Tech Lab, Combat Shields  
  74  5:52  Barracks  
  74  5:54  Refinery  
  74  5:55  Refinery  
  74  5:58  Supply Depot x2  
  74  6:00  SCV x2  
  76  6:05  Marine x2  
  76  6:07  Supply Depot  
  78  6:11  Terran Infantry Weapons Level 1  
  78  6:18  Factory Reactor  
  78  6:19  SCV x2, Supply Depot  
  80  6:31  SCV x2  
  82  6:37  Orbital Command  
  82  6:38  Marauder, Marine x2  
  86  6:44  Starport Reactor  
  86  6:50  Barracks x2  
  85  7:03  Marine x2  
  85  7:04  Marauder  
  88  7:10  SCV x3  
  88  7:14  Orbital Command  
  77  7:19  Widow Mine x2, Marauder  
  77  7:21  Medivac x2, Marine x2  
  85  7:23  SCV  
  85  7:25  Marauder  
  85  7:28  SCV, Supply Depot  
  87  7:35  SCV  
  88  7:39  Marine x2  
  88  7:40  SCV, Concussive Shells  
  88  7:41  Marauder  
  88  7:42  Barracks Reactor, Barracks Tech Lab  
  90  7:46  Marauder  
  90  7:51  Medivac x2  
  96  7:52  SCV x2  
  96  7:57  Marine  
  99  8:01  Marine  
  99  8:02  Marauder, Marine  
  99  8:03  SCV  
  99  8:04  SCV  
  101  8:06  Terran Infantry Armor Level 1, Liberator  
  101  8:07  Liberator, Supply Depot, Marine  
  101  8:10  Widow Mine x2  
  106  8:13  SCV  
  106  8:14  Marine  
  106  8:15  SCV  
  106  8:16  Refinery  
  106  8:18  Refinery  
  106  8:19  Marine  
  110  8:20  Marauder, Marine, Supply Depot  
  110  8:21  Marine  
  110  8:23  Marine  
  110  8:25  Marine  
  113  8:48  Marine  
  113  8:49  Marauder, Liberator  
  114  8:58  Liberator  
  97  9:03  Marine x2  
  97  9:04  Marauder  
  97  9:05  Orbital Command, Marine  
  97  9:06  Marauder, Marine  
  94  9:10  Marine  
  94  9:21  Marine x2  
  94  9:23  Marine  
  97  9:24  Marine  
  97  9:25  Marauder  
  97  9:27  Marauder  
  97  9:28  Marauder  
  97  9:29  Engineering Bay  
  97  9:30  Armory  
  104  9:32  Liberator  
  104  9:39  Marine x2  
  104  9:41  Liberator, Marine  
  104  9:42  Marine  
  104  9:47  Marauder  
  104  9:49  Marauder, Marine  
  110  9:57  Marine x2  
  110  9:58  SCV x3  
  110  9:59  Marine  
  119  10:00  Marine  
  119  10:06  Starport  
  120  10:07  Marauder  
  120  10:08  Marauder  
  120  10:09  Marine  
  119  10:14  Marine  
  118  10:35  Marauder, Marine x3  
  118  10:36  Marauder x2, Marine  
  124  10:53  Marine x4  
  132  10:57  Marauder x3  
Show
View Real Time Build Order
Export as new Build Order

LeMorse Protoss - Winner!

Build Orders: 1 Gate Expand, Blink Stalkers 

Get SALT Encoding   

  12  0:01  Probe (Chrono Boost)  
  13  0:12  Probe (Chrono Boost)  
  14  0:18  Pylon  
  14  0:22  Probe (Chrono Boost)  
  15  0:36  Probe (Chrono Boost)  
  15  0:37  Gateway  
  16  0:47  Probe (Chrono Boost)  
  16  0:48  Assimilator  
  17  0:57  Probe (Chrono Boost)  
  18  1:08  Probe (Chrono Boost)  
  19  1:20  Nexus  
  19  1:23  Probe (Chrono Boost)  
  20  1:34  Cybernetics Core  
  20  1:36  Probe (Chrono Boost)  
  21  1:41  Assimilator  
  21  1:46  Probe (Chrono Boost)  
  22  1:55  Pylon  
  22  1:57  Probe (Chrono Boost)  
  23  2:13  Mothership Core (Chrono Boost)  
  25  2:17  Warp Gate  
  25  2:21  Adept  
  27  2:31  Probe (Chrono Boost)  
  27  2:39  Probe (Chrono Boost)  
  27  2:42  Probe (Chrono Boost)  
  27  2:44  Robotics Facility  
  29  2:49  Probe (Chrono Boost)  
  30  2:53  Probe (Chrono Boost)  
  31  3:00  Probe (Chrono Boost)  
  31  3:02  Twilight Council  
  31  3:03  Probe (Chrono Boost)  
  33  3:10  Probe (Chrono Boost)  
  34  3:14  Probe (Chrono Boost)  
  34  3:18  Gateway  
  35  3:21  Probe (Chrono Boost)  
  35  3:23  Gateway  
  35  3:24  Probe (Chrono Boost)  
  37  3:29  Blink (Chrono Boost)  
  37  3:30  Probe (Chrono Boost)  
  37  3:31  Observer (Chrono Boost)  
  39  3:36  Pylon  
  39  3:39  Probe  
  40  3:44  Probe (Chrono Boost)  
  39  3:49  Assimilator  
  40  3:57  Observer, Probe (Chrono Boost)  
  40  3:58  Probe (Chrono Boost)  
  42  4:05  Nexus  
  42  4:09  Probe (Chrono Boost)  
  43  4:13  Probe (Chrono Boost)  
  43  4:16  Pylon  
  44  4:21  Probe (Chrono Boost)  
  44  4:23  Probe (Chrono Boost), Stalker  
  48  4:26  Stalker  
  48  4:31  Stalker  
  52  4:35  Probe (Chrono Boost)  
  52  4:37  Probe (Chrono Boost)  
  54  4:40  Pylon  
  55  4:47  Probe (Chrono Boost)  
  55  4:48  Probe (Chrono Boost)  
  55  4:51  Stalker x2  
  60  4:56  Stalker  
  63  5:00  Probe (Chrono Boost)  
  63  5:05  Probe (Chrono Boost)  
  64  5:09  Pylon  
  64  5:11  Observer  
  64  5:17  Pylon, Stalker x2  
  64  5:19  Stalker  
  71  5:23  Probe (Chrono Boost)  
  71  5:24  Pylon  
  71  5:26  Probe (Chrono Boost)  
  71  5:27  Probe (Chrono Boost)  
  73  5:34  Warp Prism, Resonating Glaives  
  73  5:35  Probe (Chrono Boost)  
  74  5:46  Forge  
  74  5:47  Forge  
  74  5:48  Probe x2 (Chrono Boost)  
  74  5:49  Probe (Chrono Boost)  
  77  5:53  Sentry x2  
  77  5:54  Adept  
  83  6:00  Probe x2 (Chrono Boost), Pylon  
  85  6:09  Gateway  
  85  6:10  Observer, Gateway  
  86  6:12  Gateway  
  86  6:21  Probe (Chrono Boost), Gateway  
  86  6:22  Probe x2 (Chrono Boost), Gateway  
  89  6:28  Assimilator  
  89  6:32  Probe (Chrono Boost)  
  90  6:41  Adept x3  
  96  6:50  Protoss Ground Weapons Level 1 (Chrono Boost), Protoss Ground Armor Level 1 (Chrono Boost)  
  96  6:51  Assimilator  
  96  6:53  Immortal, Assimilator  
  100  6:54  Pylon  
  100  7:01  Adept x2  
  100  7:02  Stalker  
  100  7:28  Stalker x2  
  103  7:35  Adept x3  
  107  7:38  Probe  
  107  7:39  Probe  
  107  7:47  Immortal (Chrono Boost)  
  108  7:53  Probe  
  108  7:54  Probe  
  107  8:00  Probe  
  108  8:13  Nexus  
  108  8:14  Adept x4  
  108  8:15  Adept x2  
  120  8:21  Probe  
  120  8:22  Dark Shrine, Probe  
  120  8:23  Probe  
  123  8:28  Protoss Ground Weapons Level 2, Protoss Ground Armor Level 2  
  123  8:33  Adept  
  125  8:40  Probe  
  124  8:43  Probe  
  124  8:44  Pylon  
  117  8:49  Pylon  
  117  8:50  Pylon  
  115  9:04  Adept  
  115  9:05  Adept x7  
  121  9:25  Adept  
  121  9:26  Adept x7  
  135  9:37  Assimilator  
  135  9:39  Assimilator  
  135  9:41  Stargate  
  135  9:42  Pylon  
  135  9:45  Pylon  
  135  9:47  Dark Templar x3  
  135  9:48  Dark Templar  
  127  10:17  Dark Templar x2  
  127  10:20  Stalker x5  
  139  10:23  Stargate  
  139  10:27  Fleet Beacon  
  137  10:32  Oracle (Chrono Boost)  
  137  10:34  Probe  
  137  10:35  Probe x2  
  139  10:39  Probe  
  140  10:46  Probe  
  140  10:47  Probe  
  142  11:00  Adept x4  
  142  11:01  Adept x4  
Tags
 
Add a new tag
Caveats
  • Supply blocks, unpowered buildings, or Contaminate may cause inaccurate times.
  • Supply counts are checked every 10 seconds.